[Event "ICC tourney 2313 (120 10)"]
[Site "Internet Chess Club"]
[Date "2021.01.16"]
[Round "1"]
[White "cappyal"]
[Black "SMILERG"]
[Result "0-1"]
[ICCResult "White resigns"]
[WhiteElo "624"]
[BlackElo "1247"]
[Opening "Four knights: Gunsberg variation"]
[ECO "C47"]
[NIC "KP.06"]
[Time "11:03:38"]
[PlyCount "28"]
[TimeControl "7200+10"]

1. e4 e5 2. Nf3 Nc6 3. Nc3 Nf6 4. a3 a6 5. Bc4 Nxe4 6. Nxe4 d5 7. Bxd5 Qxd5
8. Nc3 Qd8 9. d3 Bg4 10. h3 Bh5 11. Bg5 Be7 12. Bxe7 Qxe7 13. Qe2 Nd4 14.
g4 Nxe2 { White resigns } 0-1

[Event "ICC tourney 2313 (120 10)"]
[Site "Internet Chess Club"]
[Date "2021.01.16"]
[Round "1"]
[White "ivo20"]
[Black "greatodda"]
[Result "1-0"]
[ICCResult "Black resigns"]
[WhiteElo "1381"]
[BlackElo "1022"]
[Opening "Sicilian: Nimzovich-Rossolimo attack (without ...d6)"]
[ECO "B30"]
[NIC "SI.31"]
[Time "11:03:52"]
[PlyCount "53"]
[TimeControl "7200+10"]

1. e4 c5 2. Nf3 Nc6 3. Bb5 Qb6 4. Bxc6 bxc6 5. O-O Ba6 6. Re1 e6 7. d3 d5
8. e5 f6 9. Nh4 g5 10. Qh5+ Kd7 11. Ng6 Bg7 12. Nxh8 Bxh8 13. Qxh7+ Ne7 14.
exf6 Bxf6 15. Qh3 Nf5 16. Qh7+ Bg7 17. g4 Rh8 18. Qg6 Rxh2 19. Qxe6+ Kc7
20. Kxh2 Bc8 21. Qf7+ Kb8 22. gxf5 Bd4 23. Nc3 Bxf2 24. Re8 Qb4 25. Bxg5
Qxb2 26. Rb1 Qxb1 27. Nxb1 { Black resigns } 1-0

[Event "ICC tourney 2313 (120 10)"]
[Site "Internet Chess Club"]
[Date "2021.01.16"]
[Round "1"]
[White "DrBryanJ"]
[Black "Anichess2009"]
[Result "1-0"]
[ICCResult "Black resigns"]
[WhiteElo "1261"]
[BlackElo "843"]
[Opening "Center game"]
[ECO "C22"]
[NIC "KP.04"]
[Time "11:03:56"]
[PlyCount "45"]
[TimeControl "7200+10"]

1. d4 e5 2. e4 exd4 3. Qxd4 Nc6 4. Qd3 Nf6 5. Nc3 Nb4 6. Qd1 g6 7. Bc4 Bg7
8. Bg5 h6 9. Bf4 d6 10. a3 Nc6 11. Nf3 Qe7 12. O-O O-O 13. Bd3 Nh5 14. Bd2
Ne5 15. Nxe5 Qxe5 16. Qf3 Nf6 17. h3 g5 18. Nd5 Nxd5 19. exd5 Qf6 20. Qe4
Rd8 21. Bc3 Qf4 22. Qh7+ Kf8 23. Qxg7+ { Black resigns } 1-0

[Event "ICC tourney 2313 (120 10)"]
[Site "Internet Chess Club"]
[Date "2021.01.16"]
[Round "1"]
[White "albertyang"]
[Black "MatthewDiao"]
[Result "0-1"]
[ICCResult "White resigns"]
[WhiteElo "706"]
[BlackElo "1256"]
[Opening "Sicilian defense"]
[ECO "B30"]
[NIC "SI.31"]
[Time "11:03:38"]
[PlyCount "56"]
[TimeControl "7200+10"]

1. e4 c5 2. Nf3 Nc6 3. c3 e6 4. d4 d5 5. Bd3 b6 6. O-O Bb7 7. e5 Be7 8. Bf4
Qd7 9. Nbd2 h6 10. Ne1 cxd4 11. cxd4 Nxd4 12. Be3 Nc6 13. f4 Bc5 14. Bxc5
bxc5 15. b3 Nge7 16. Qc2 O-O 17. Qxc5 Rac8 18. Qe3 Nb4 19. Be2 Nf5 20. Qxa7
Ra8 21. Qc5 Nxa2 22. Bb5 Rfc8 23. Qb6 Qc7 24. Qxc7 Rxc7 25. Ba4 Nc3 26. Rc1
Ne2+ 27. Kh1 Rxc1 28. h3 Nfg3+ { White resigns } 0-1

[Event "ICC tourney 2313 (120 10)"]
[Site "Internet Chess Club"]
[Date "2021.01.16"]
[Round "1"]
[White "grantwey"]
[Black "chessadpa"]
[Result "0-1"]
[ICCResult "White resigns"]
[WhiteElo "429"]
[BlackElo "1179"]
[Opening "King's pawn game"]
[ECO "C50"]
[NIC "IG.03"]
[Time "11:03:47"]
[PlyCount "100"]
[TimeControl "7200+10"]

1. e4 e5 2. Nf3 Nc6 3. Bc4 Nd4 4. Nxd4 exd4 5. c3 dxc3 6. Nxc3 d6 7. d4 Nf6
8. Bf4 Bg4 9. f3 Bd7 10. Qb3 Qe7 11. Qxb7 Rd8 12. Bd3 Nh5 13. Be3 Nf6 14.
Bg5 Bc8 15. Qxa7 h6 16. Nd5 Qd7 17. Nxf6+ gxf6 18. Bxf6 Rg8 19. Bxd8 Kxd8
20. Rg1 Qe7 21. Rc1 d5 22. Qb8 dxe4 23. fxe4 f5 24. e5 Rg7 25. Bxf5 Qb4+
26. Qxb4 Bxb4+ 27. Kd1 Bxf5 28. Rf1 Bd3 29. Rf2 Be4 30. a3 Be7 31. g3 Bg5
32. Rc3 Rd7 33. Rc4 Bd5 34. Rb4 Be6 35. Rb8+ Ke7 36. Rb3 Bxb3+ 37. Ke1 Rxd4
38. Rf3 Bd5 39. Rf2 Re4+ 40. Re2 Bc1 41. Rxe4 Bxe4 42. Kd1 Bxb2 43. a4 Bxe5
44. a5 Kf6 45. a6 Kg5 46. a7 Ba8 47. Kc2 Kg4 48. Kb3 Kh3 49. Kb4 Bd4 50.
Kc4 Bxa7 { White resigns } 0-1

[Event "ICC tourney 2313 (120 10)"]
[Site "Internet Chess Club"]
[Date "2021.01.16"]
[Round "1"]
[White "chessbud"]
[Black "drquinzel"]
[Result "1-0"]
[ICCResult "Black checkmated"]
[WhiteElo "1251"]
[BlackElo "648"]
[Opening "Queen's pawn, Mason variation"]
[ECO "D00"]
[NIC "QP.08"]
[Time "11:03:40"]
[PlyCount "87"]
[TimeControl "7200+10"]

1. d4 d5 2. Bf4 e6 3. Nf3 Nc6 4. e3 Nf6 5. c3 Be7 6. Bd3 Ng4 7. Nbd2 f5 8.
h3 e5 9. dxe5 Ngxe5 10. Nxe5 Nxe5 11. Bxe5 Bf6 12. Bxf6 Qxf6 13. Qf3 Be6
14. g4 O-O-O 15. Bxf5 Bxf5 16. Qxf5+ Qxf5 17. gxf5 Rhf8 18. Rg1 Rxf5 19.
Rxg7 Rh5 20. Ke2 Rxh3 21. Rag1 c5 22. R1g3 Rh4 23. R3g4 Rh1 24. Rg8 Kc7 25.
Rxd8 Kxd8 26. b3 h5 27. Rg7 h4 28. Rxb7 h3 29. Rxa7 Rh2 30. Nf3 Rg2 31. Ra5
Kd7 32. Rxc5 Kd6 33. Rc8 Ke6 34. a4 Kf5 35. Rh8 Kg4 36. Kf1 Kxf3 37. Rxh3+
Ke4 38. Kxg2 Ke5 39. a5 Kd6 40. Rh6+ Kc5 41. a6 Kb5 42. a7 Kc5 43. a8=Q d4
44. Qc6# { Black checkmated } 1-0

[Event "ICC tourney 2313 (120 10)"]
[Site "Internet Chess Club"]
[Date "2021.01.16"]
[Round "1"]
[White "vihaan2011"]
[Black "oxdidi"]
[Result "1-0"]
[ICCResult "Black resigns"]
[WhiteElo "1307"]
[BlackElo "959"]
[Opening "Giuoco Piano"]
[ECO "C54"]
[NIC "IG.02"]
[Time "11:04:32"]
[PlyCount "85"]
[TimeControl "7200+10"]

1. e4 e5 2. Nf3 Nc6 3. Bc4 Bc5 4. c3 Nf6 5. d3 d6 6. h3 h6 7. O-O Na5 8.
Bb3 Nxb3 9. axb3 O-O 10. Re1 Be6 11. d4 exd4 12. cxd4 Bb6 13. d5 Bd7 14.
Nd4 Bxd4 15. Qxd4 Qe7 16. Nc3 Rfe8 17. Bf4 b5 18. e5 dxe5 19. Rxe5 Qd8 20.
Rxe8+ Bxe8 21. Ra6 c6 22. d6 Qd7 23. Bxh6 c5 24. Qe5 Qb7 25. Qg5 Nh5 26.
Qxh5 gxh6 27. Qg4+ Kh7 28. Ne4 Bc6 29. Nf6+ Kh8 30. Qf5 Be4 31. Qxe4 Qxe4
32. Nxe4 Re8 33. d7 Rd8 34. Nxc5 Kg7 35. Re6 fxe6 36. Nxe6+ Kf7 37. Nxd8+
Ke7 38. Nc6+ Kxd7 39. Nxa7 b4 40. Nb5 Kc6 41. Nd4+ Kd5 42. Nc2 Kc5 43. f4 {
Black resigns } 1-0

[Event "ICC tourney 2313 (120 10)"]
[Site "Internet Chess Club"]
[Date "2021.01.16"]
[Round "1"]
[White "traycon"]
[Black "charlesshen"]
[Result "0-1"]
[ICCResult "White resigns"]
[WhiteElo "853"]
[BlackElo "1262"]
[Opening "English: ultra-symmetrical variation"]
[ECO "A36"]
[NIC "EO.31"]
[Time "11:03:39"]
[PlyCount "84"]
[TimeControl "7200+10"]

1. c4 c5 2. Nc3 Nc6 3. g3 g6 4. Bg2 Bg7 5. a3 e6 6. Rb1 a5 7. Nf3 Nge7 8.
O-O O-O 9. b3 d5 10. cxd5 exd5 11. Bb2 Bf5 12. d3 Qd7 13. e4 dxe4 14. dxe4
Qxd1 15. Rbxd1 Bxc3 16. Bxc3 Bxe4 17. Rd7 Rab8 18. Ne5 Bxg2 19. Kxg2 Rfd8
20. Rfd1 h5 21. Nxc6 Nxc6 22. Rxd8+ Rxd8 23. Rxd8+ Nxd8 24. Bxa5 Nc6 25.
Bc3 Kf8 26. b4 cxb4 27. axb4 Ke7 28. b5 Na7 29. b6 Nc8 30. Bd4 Kd6 31. h4
Kc6 32. g4 hxg4 33. Kg3 Nxb6 34. Bxb6 Kxb6 35. Kxg4 Kc5 36. f4 b5 37. f5
gxf5+ 38. Kxf5 b4 39. h5 b3 40. h6 b2 41. h7 b1=Q+ 42. Kf6 Qxh7 { White
resigns } 0-1

[Event "ICC tourney 2313 (120 10)"]
[Site "Internet Chess Club"]
[Date "2021.01.16"]
[Round "1"]
[White "PirateKing"]
[Black "VirginiaGuy"]
[Result "0-1"]
[ICCResult "White resigns"]
[WhiteElo "957"]
[BlackElo "1298"]
[Opening "Queen's bishop game"]
[ECO "D00"]
[NIC "QP.08"]
[Time "11:04:01"]
[PlyCount "134"]
[TimeControl "7200+10"]

1. d4 d5 2. Bf4 Nf6 3. Nf3 g6 4. h3 Bg7 5. e3 Bf5 6. Bd3 Bxd3 7. Qxd3 c6 8.
c3 O-O 9. Nbd2 Nbd7 10. O-O Rc8 11. Rae1 c5 12. b3 a6 13. Rc1 b5 14. Ne5
Nxe5 15. Bxe5 Nd7 16. Bxg7 Kxg7 17. Nf3 Nf6 18. Ng5 Qd6 19. Nf3 Ne4 20. Nd2
Nf6 21. f4 Rc7 22. Rfe1 Rfc8 23. Nf3 Ne4 24. Nd2 Nf6 25. dxc5 Rxc5 26. b4
R5c7 27. Nf3 Ne4 28. Nd2 Nxc3 29. a3 Na4 30. Rxc7 Rxc7 31. Qd4+ Qf6 32.
Qxd5 Qc3 33. Qd4+ Qxd4 34. exd4 Nc3 35. Re3 Nd5 36. Rf3 Rc3 37. Rxc3 Nxc3
38. Kf2 Kf6 39. g4 Ke6 40. Ke3 Kd5 41. Kd3 Nd1 42. Nb3 Nf2+ 43. Kc3 Nxh3
44. f5 gxf5 45. gxf5 h5 46. Nc5 h4 47. Nxa6 Nf2 48. Nc7+ Ke4 49. Nxb5 h3
50. a4 h2 51. a5 h1=Q 52. a6 Qa1+ 53. Kc4 Qxa6 54. d5 Kxf5 55. Kc5 Ne4+ 56.
Kc4 Nd6+ 57. Kd4 Qxb5 58. Kc3 Qxd5 59. b5 Nxb5+ 60. Kb4 e5 61. Ka5 e4 62.
Kb6 e3 63. Ka6 e2 64. Ka5 e1=Q+ 65. Kb6 Qc1 66. Ka6 Nc7+ 67. Kb6 Qb3+ {
White resigns } 0-1

[Event "ICC tourney 2313 (120 10)"]
[Site "Internet Chess Club"]
[Date "2021.01.16"]
[Round "1"]
[White "MichaelLiu"]
[Black "maanavshah2005"]
[Result "0-1"]
[ICCResult "White checkmated"]
[WhiteElo "1164"]
[BlackElo "180"]
[Opening "Giuoco Piano"]
[ECO "C53"]
[NIC "IG.02"]
[Time "11:03:38"]
[PlyCount "84"]
[TimeControl "7200+10"]

1. e4 e5 2. Nf3 Nc6 3. Bc4 Bc5 4. c3 a6 5. d4 b5 6. Bxf7+ Kxf7 7. dxc5 Nf6
8. Bg5 Qe7 9. Bxf6 Kxf6 10. b4 a5 11. a3 axb4 12. cxb4 Nxb4 13. Nc3 Qxc5
14. Nd5+ Nxd5 15. Qxd5 Qxd5 16. exd5 Bb7 17. Rb1 Bxd5 18. Rxb5 c6 19. Rb2
Rxa3 20. O-O Bxf3 21. gxf3 Rxf3 22. Rd1 Ke6 23. Rbd2 d5 24. Rc2 Rc8 25.
Rdc1 Kd6 26. Ra2 e4 27. Ra7 Rc7 28. Ra8 c5 29. Ra6+ Ke5 30. Ra5 c4 31. Rd1
Rd3 32. f4+ exf3 33. Rxd3 cxd3 34. Ra2 Rc1+ 35. Kf2 Rc2+ 36. Ke3 Rxa2 37.
Kxd3 Rxh2 38. Kc3 f2 39. Kb3 f1=Q 40. Kb4 Qc1 41. Kb5 Rb2+ 42. Ka4 Qa1# {
White checkmated } 0-1

[Event "ICC tourney 2313 (120 10)"]
[Site "Internet Chess Club"]
[Date "2021.01.16"]
[Round "1"]
[White "DanielGuan"]
[Black "charmingraven"]
[Result "1-0"]
[ICCResult "Black checkmated"]
[WhiteElo "1291"]
[BlackElo "926"]
[Opening "QGD Slav defense: exchange variation"]
[ECO "D10"]
[NIC "SL.01"]
[Time "11:03:43"]
[PlyCount "75"]
[TimeControl "7200+10"]

1. d4 d5 2. c4 c6 3. cxd5 Qxd5 4. Nc3 Qd8 5. e4 e6 6. Nf3 Bb4 7. Bd3 Ne7 8.
e5 O-O 9. Bg5 h6 10. Bd2 Nd7 11. O-O b6 12. Be4 Ba6 13. Re1 Nd5 14. Qc1 Re8
15. a3 Be7 16. Bxh6 gxh6 17. Qxh6 f5 18. Qxe6+ Kg7 19. Bxf5 Nf8 20. Qxc6
Nf4 21. Qe4 N4g6 22. Qg4 Bc8 23. e6 Bf6 24. Ne4 Bxe6 25. Nxf6 Qxf6 26. Bxe6
Nxe6 27. Rad1 Rad8 28. h4 Kf7 29. h5 Ngf8 30. Ne5+ Ke7 31. Nc6+ Kf7 32.
Nxd8+ Rxd8 33. d5 Nc7 34. Rd3 Qg7 35. Re7+ Kxe7 36. Qxg7+ Kd6 37. Qf6+ Kc5
38. Qc6# { Black checkmated } 1-0

[Event "ICC tourney 2313 (120 10)"]
[Site "Internet Chess Club"]
[Date "2021.01.16"]
[Round "1"]
[White "siddharthbose"]
[Black "logicalinsanity"]
[Result "1-0"]
[ICCResult "Black resigns"]
[WhiteElo "1232"]
[BlackElo "545"]
[Opening "Vienna gambit"]
[ECO "C29"]
[NIC "VG.04"]
[Time "11:03:44"]
[PlyCount "103"]
[TimeControl "7200+10"]

1. e4 e5 2. Nc3 Nf6 3. f4 d6 4. Nf3 Nc6 5. d3 Be7 6. Be2 O-O 7. O-O Bd7 8.
fxe5 Nxe5 9. Nxe5 dxe5 10. Bg5 Bc5+ 11. Kh1 Bc6 12. Bxf6 gxf6 13. Nd5 f5
14. Rxf5 Qd6 15. c4 a6 16. Qe1 Bxd5 17. cxd5 Bd4 18. Rb1 Qg6 19. Qh4 Be3
20. Rbf1 Qh6 21. Qxh6 Bxh6 22. Rxe5 Rae8 23. Rxe8 Rxe8 24. Bh5 Re7 25. Re1
Re5 26. Bg4 Rg5 27. Bc8 Bg7 28. b3 Bc3 29. Rc1 Be5 30. Bxb7 a5 31. Rf1 Rh5
32. h3 Rg5 33. Rf5 f6 34. Rxg5+ fxg5 35. g4 Bg3 36. Kg2 Be1 37. e5 Bb4 38.
Kf3 Kf8 39. Ke4 Ke7 40. Kf5 Bd2 41. Ke4 h6 42. Kf5 Kf7 43. d6 cxd6 44. exd6
Ke8 45. Bc6+ Kd8 46. d7 Bb4 47. Ke4 Be7 48. Kd5 Kc7 49. Ba4 Kb6 50. Ke6 Bd8
51. Kf7 Kc7 52. Kg7 { Black resigns } 1-0

[Event "ICC tourney 2313 (120 10)"]
[Site "Internet Chess Club"]
[Date "2021.01.16"]
[Round "1"]
[White "SPBrain"]
[Black "aaronfeng"]
[Result "0-1"]
[ICCResult "White checkmated"]
[WhiteElo "1342"]
[BlackElo "993"]
[Opening "Ruy Lopez: Morphy defense"]
[ECO "C77"]
[NIC "RL.12"]
[Time "11:03:43"]
[PlyCount "118"]
[TimeControl "7200+10"]

1. e4 e5 2. Nf3 Nc6 3. Bb5 a6 4. Ba4 Nf6 5. d4 exd4 6. O-O b5 7. Bb3 Bc5 8.
Re1 d6 9. Bd5 Bd7 10. e5 Nxd5 11. exd6+ Kf8 12. dxc7 Qxc7 13. c3 Qa7 14.
Rf1 Re8 15. Bg5 f6 16. Bh4 Re6 17. Bg3 Kf7 18. Qd3 g6 19. Rd1 Rhe8 20. h3
Ne5 21. Bxe5 fxe5 22. Ng5+ Kg7 23. Nxe6+ Bxe6 24. Rf1 Nf4 25. Qd2 Bd5 26.
g3 Nxh3+ 27. Kh2 Be6 28. a4 bxa4 29. Rxa4 dxc3 30. Nxc3 Nxf2 31. Ne4 Ng4+
32. Kh1 Qb7 33. Re1 Nf2+ 34. Kh2 Ng4+ 35. Kg2 Bf5 36. Rc4 Nf6 37. Qc2 Nxe4
38. Rexe4 Bxe4+ 39. Rxe4 Rc8 40. Qe2 Bd4 41. Qf1 Qxe4+ 42. Kh2 Rc2+ 43. Kh3
Qf5+ 44. Qxf5 gxf5 45. Kh4 h6 46. g4 f4 47. Kh3 e4 48. g5 hxg5 49. Kg4 e3
50. b4 e2 51. b5 e1=Q 52. bxa6 Qg3+ 53. Kf5 Rc5+ 54. Ke6 Qe3+ 55. Kd7 Rd5+
56. Kc7 Bb6+ 57. Kc6 Qc5+ 58. Kb7 Qc7+ 59. Ka8 Qa7# { White checkmated }
0-1

[Event "ICC tourney 2313 (120 10)"]
[Site "Internet Chess Club"]
[Date "2021.01.16"]
[Round "1"]
[White "elyfeldman01"]
[Black "prostripe"]
[Result "0-1"]
[ICCResult "White checkmated"]
[WhiteElo "1020"]
[BlackElo "1344"]
[Opening "Caro-Kann: advance variation"]
[ECO "B12"]
[NIC "CK.04"]
[Time "11:03:47"]
[PlyCount "108"]
[TimeControl "7200+10"]

1. e4 c6 2. d4 d5 3. e5 Bf5 4. Nc3 e6 5. g4 Bg6 6. Nge2 Bb4 7. Nf4 Ne7 8.
h4 Bxc3+ 9. bxc3 h6 10. h5 Bh7 11. Bd3 Nd7 12. Bxh7 Rxh7 13. Qd3 Rh8 14.
Ba3 Nb6 15. O-O-O Nc4 16. Bxe7 Qxe7 17. Rdg1 Qa3+ 18. Kd1 Nb2+ 19. Ke2 Nxd3
20. Kxd3 Qxa2 21. g5 Qc4+ 22. Kd2 O-O-O 23. g6 Rdf8 24. Ke3 Qxc3+ 25. Ke2
Qxc2+ 26. Ke3 Qe4+ 27. Kd2 Qxf4+ 28. Ke2 fxg6 29. Rf1 Qf3+ 30. Ke1 Qc3+ 31.
Ke2 Rf3 32. Rd1 Rhf8 33. Rhf1 Qc2+ 34. Rd2 Qe4+ 35. Kd1 R8f4 36. Re1 Qf5
37. Ree2 Rxf2 38. Rxf2 Rxf2 39. Rxf2 Qxf2 40. Kc1 Qxd4 41. hxg6 a5 42. Kb1
Qxe5 43. Ka2 b5 44. Ka3 Qe3+ 45. Kb2 Qd2+ 46. Ka3 Qb4+ 47. Ka2 Qc4+ 48. Kb2
d4 49. Ka3 Qc5+ 50. Kb2 d3 51. Kb3 d2 52. Ka2 d1=Q 53. Kb2 Qcc2+ 54. Ka3
Qa1# { White checkmated } 0-1

[Event "ICC tourney 2313 (120 10)"]
[Site "Internet Chess Club"]
[Date "2021.01.16"]
[Round "1"]
[White "halobeams"]
[Black "itg"]
[Result "1-0"]
[ICCResult "Black checkmated"]
[WhiteElo "1278"]
[BlackElo "881"]
[Opening "Giuoco Piano"]
[ECO "C54"]
[NIC "IG.02"]
[Time "11:03:46"]
[PlyCount "93"]
[TimeControl "7200+10"]

1. e4 e5 2. Nf3 Nc6 3. Bc4 Bc5 4. c3 Nf6 5. d3 d6 6. Bg5 Bg4 7. h3 Bh5 8.
g4 Bg6 9. Nbd2 h5 10. Ke2 Qd7 11. Bxf6 gxf6 12. Nh4 hxg4 13. Nxg6 fxg6 14.
Qg1 Rh4 15. hxg4 Rxh1 16. Qxh1 Qxg4+ 17. Nf3 O-O-O 18. Rg1 Qh5 19. Qxh5
gxh5 20. Bf7 Rh8 21. Rh1 Rh7 22. Bxh5 Nd8 23. Bg4+ Rd7 24. Rh7 Nc6 25.
Bxd7+ Kd8 26. Be6 Ne7 27. Rh8+ Ng8 28. Rxg8+ Ke7 29. Bf5 Kf7 30. Rb8 b6 31.
Rc8 Ke7 32. Rxc7+ Kd8 33. Rxa7 Ke8 34. Rh7 b5 35. Bd7+ Kd8 36. Bxb5 d5 37.
exd5 f5 38. Nxe5 Be7 39. Nc6+ Kc8 40. Nxe7+ Kd8 41. Nxf5 Kc8 42. a4 Kb8 43.
a5 Kc8 44. Bc6 Kb8 45. a6 Kc8 46. a7 Kd8 47. a8=Q# { Black checkmated } 1-0

[Event "ICC tourney 2313 (120 10)"]
[Site "Internet Chess Club"]
[Date "2021.01.16"]
[Round "1"]
[White "andrewhhu"]
[Black "rileygordon"]
[Result "1-0"]
[ICCResult "Black resigns"]
[WhiteElo "965"]
[BlackElo "1328"]
[Opening "Alekhine's defense"]
[ECO "B02"]
[NIC "AL.10"]
[Time "11:03:42"]
[PlyCount "125"]
[TimeControl "7200+10"]

1. e4 Nf6 2. e5 Nd5 3. Bc4 Nb6 4. Bb3 d6 5. Nf3 dxe5 6. Nxe5 e6 7. d4 g6 8.
Nc3 Bg7 9. Bf4 O-O 10. O-O N8d7 11. Qe2 Nf6 12. Rad1 Nbd5 13. Bg5 h6 14.
Bh4 g5 15. Bg3 Nxc3 16. bxc3 Bd7 17. Qd3 Bc6 18. Rfe1 Qe8 19. Nxf7 Rxf7 20.
Bxe6 Kh8 21. Bxf7 Qxf7 22. h3 Qd5 23. f3 Re8 24. c4 Rxe1+ 25. Rxe1 Qd7 26.
h4 Nh5 27. Be5 gxh4 28. Bxg7+ Qxg7 29. d5 h3 30. g4 Bd7 31. Qa3 Qd4+ 32.
Qe3 Qxe3+ 33. Rxe3 Nf6 34. Ra3 a6 35. c3 h5 36. gxh5 Nxh5 37. Rb3 b6 38. d6
cxd6 39. Rxb6 Be6 40. c5 Bxa2 41. Rxd6 Nf4 42. Rxa6 Bc4 43. Ra4 Ne2+ 44.
Kh2 Bb5 45. Ra8+ Kg7 46. c4 Bc6 47. Ra6 Bxf3 48. c6 Nd4 49. c7 Bg4 50. Ra8
Nf3+ 51. Kh1 Nd2 52. c8=Q Bf3+ 53. Kg1 Nxc4 54. Qxc4 Bxa8 55. Qd4+ Kg6 56.
Qd6+ Kf5 57. Qf8+ Kg4 58. Qxa8 Kh4 59. Qg8 Kh5 60. Kh2 Kh4 61. Qg3+ Kh5 62.
Qxh3+ Kg5 63. Kg2 { Black resigns } 1-0

[Event "ICC tourney 2313 (120 10)"]
[Site "Internet Chess Club"]
[Date "2021.01.16"]
[Round "1"]
[White "bshesh131"]
[Black "chess278"]
[Result "1/2-1/2"]
[ICCResult "Game drawn by mutual agreement"]
[WhiteElo "908"]
[BlackElo "1287"]
[Opening "English: Bremen, Smyslov system"]
[ECO "A22"]
[NIC "EO.11"]
[Time "11:03:45"]
[PlyCount "74"]
[TimeControl "7200+10"]

1. c4 Nf6 2. Nc3 e5 3. g3 Bb4 4. Bg2 O-O 5. a3 Bxc3 6. bxc3 c5 7. e4 Nc6 8.
Nf3 d6 9. O-O Bg4 10. d3 h6 11. h3 Be6 12. Re1 Qd7 13. Kh2 g5 14. Qd2 Nh7
15. g4 Ne7 16. d4 cxd4 17. cxd4 f6 18. d5 Bf7 19. Rb1 Rfc8 20. Qb4 Rc7 21.
Be3 b6 22. Rec1 Rac8 23. Ng1 Ng6 24. Nf3 Nf4 25. Bxf4 gxf4 26. Nd2 h5 27.
Bf3 Ng5 28. h4 Nxf3+ 29. Nxf3 hxg4 30. Nd2 Kh8 31. Rg1 Rg8 32. f3 g3+ 33.
Kg2 Bh5 34. Rh1 Qd8 35. Rbc1 Rh7 36. a4 Be8 37. Ra1 Bh5 { Game drawn by
mutual agreement } 1/2-1/2

[Event "ICC tourney 2313 (120 10)"]
[Site "Internet Chess Club"]
[Date "2021.01.16"]
[Round "2"]
[White "oxdidi"]
[Black "cappyal"]
[Result "0-1"]
[ICCResult "White checkmated"]
[WhiteElo "959"]
[BlackElo "624"]
[Opening "King's pawn game"]
[ECO "C50"]
[NIC "IG.03"]
[Time "16:17:38"]
[PlyCount "108"]
[TimeControl "7200+10"]

1. e4 e5 2. Nf3 Nc6 3. Bc4 h6 4. c3 Nf6 5. d3 d5 6. exd5 Nxd5 7. h3 Bc5 8.
O-O O-O 9. Qe2 Re8 10. Re1 Bf5 11. a4 Nf4 12. Bxf4 exf4 13. Qxe8+ Qxe8 14.
Rxe8+ Rxe8 15. b4 Bd6 16. Nbd2 Ne5 17. Nxe5 Bxe5 18. d4 Bd6 19. Nf3 Be4 20.
Re1 Kf8 21. d5 Bxf3 22. Rxe8+ Kxe8 23. gxf3 Kd7 24. h4 Be5 25. Bb5+ Kd6 26.
c4 Bc3 27. Kh2 Bxb4 28. Kh3 Ke7 29. Kg4 a6 30. Kxf4 axb5 31. axb5 Kd6 32.
b6 cxb6 33. h5 Kc5 34. Ke5 Kxc4 35. d6 Bxd6+ 36. Kxd6 b5 37. f4 b4 38. f5
b3 39. Ke7 b2 40. Kxf7 b1=Q 41. Kg6 Kd5 42. Kxg7 Qxf5 43. Kxh6 Ke6 44. Kg7
Qg5+ 45. Kh7 Qxh5+ 46. Kg7 Qf5 47. f4 Qxf4 48. Kg6 Kd5 49. Kg7 Qf5 50. Kh6
Qg4 51. Kh7 Qg5 52. Kh8 Ke6 53. Kh7 Kf7 54. Kh8 Qg7# { White checkmated }
0-1

[Event "ICC tourney 2313 (120 10)"]
[Site "Internet Chess Club"]
[Date "2021.01.16"]
[Round "2"]
[White "greatodda"]
[Black "albertyang"]
[Result "1-0"]
[ICCResult "Black checkmated"]
[WhiteElo "1022"]
[BlackElo "706"]
[Opening "Sicilian: Pelikan (Lasker/Sveshnikov) variation"]
[ECO "B33"]
[NIC "SI.35"]
[Time "16:17:50"]
[PlyCount "157"]
[TimeControl "7200+10"]

1. e4 c5 2. Nf3 Nc6 3. d4 cxd4 4. Nxd4 Nf6 5. Nc3 e5 6. Ndb5 d6 7. Bg5 Be7
8. Bxf6 Bxf6 9. Nxd6+ Ke7 10. Nxc8+ Rxc8 11. Nd5+ Ke8 12. Nxf6+ gxf6 13.
Qxd8+ Rxd8 14. Bb5 a6 15. Bxc6+ bxc6 16. O-O Rd2 17. Rac1 Rg8 18. g3 h5 19.
Kg2 h4 20. b3 f5 21. exf5 e4 22. Rfe1 hxg3 23. hxg3 Rg4 24. Kh3 Rg5 25.
Rxe4+ Kf8 26. Rf4 f6 27. a4 Ke7 28. c4 Rb2 29. Rc3 Kd6 30. c5+ Ke5 31. Kg2
Rxf5 32. Rxf5+ Kxf5 33. Kf3 Ke5 34. Ke3 f5 35. f4+ Kd5 36. Kf3 Kd4 37. Rc4+
Kd3 38. Rb4 a5 39. Rb6 Rb1 40. Kg2 Kd4 41. Rxc6 Rxb3 42. Ra6 Kxc5 43. Rxa5+
Kb4 44. Rxf5 Ra3 45. Kh3 Rxa4 46. Kh4 Kc4 47. Re5 Kd4 48. Kg5 Ra8 49. Kf5
Rg8 50. g4 Rf8+ 51. Kg5 Rg8+ 52. Kh4 Rf8 53. Rf5 Rh8+ 54. Rh5 Rf8 55. f5
Ke4 56. Kg5 Rg8+ 57. Kf6 Rxg4 58. Rg5 Rf4 59. Ke6 Rf3 60. Rg4+ Ke3 61. f6
Rxf6+ 62. Kxf6 Kf3 63. Rg8 Kf4 64. Re8 Kf3 65. Kf5 Kg3 66. Re7 Kf3 67. Kg5
Kf2 68. Kg4 Kg2 69. Re3 Kf2 70. Ra3 Kg2 71. Ra2+ Kf1 72. Kf3 Ke1 73. Ke3
Kd1 74. Kd3 Ke1 75. Rb2 Kf1 76. Ke3 Kg1 77. Kf3 Kh1 78. Kg3 Kg1 79. Rb1# {
Black checkmated } 1-0

[Event "ICC tourney 2313 (120 10)"]
[Site "Internet Chess Club"]
[Date "2021.01.16"]
[Round "2"]
[White "chessadpa"]
[Black "vihaan2011"]
[Result "0-1"]
[ICCResult "White resigns"]
[WhiteElo "1179"]
[BlackElo "1307"]
[Opening "Scotch: Göring gambit"]
[ECO "C44"]
[NIC "SO.06"]
[Time "16:17:37"]
[PlyCount "74"]
[TimeControl "7200+10"]

1. e4 e5 2. Nf3 Nc6 3. d4 exd4 4. c3 dxc3 5. Bc4 d6 6. Bd5 Bg4 7. Qb3 Na5
8. Qa4+ c6 9. Bb3 Bxf3 10. gxf3 b5 11. Qb4 Nxb3 12. Qxb3 Qf6 13. Ke2 cxb2
14. Bxb2 Qe6 15. Qc3 Qc4+ 16. Qxc4 bxc4 17. Na3 d5 18. Nc2 dxe4 19. fxe4
Nf6 20. f3 Bc5 21. Ba3 Bb6 22. Nb4 c5 23. Nc2 O-O 24. Ne3 Rfe8 25. Bb2 Bd8
26. Rhg1 g6 27. Nxc4 Nd5 28. Ne5 Bf6 29. f4 Nxf4+ 30. Ke3 Bxe5 31. Bxe5
Nd5+ 32. exd5 Rxe5+ 33. Kf4 Rf5+ 34. Ke4 Re8+ 35. Kd3 Rxd5+ 36. Kc4 Rde5
37. h3 Re3 { White resigns } 0-1

[Event "ICC tourney 2313 (120 10)"]
[Site "Internet Chess Club"]
[Date "2021.01.16"]
[Round "2"]
[White "charlesshen"]
[Black "kittypuppy"]
[Result "1-0"]
[ICCResult "Black checkmated"]
[WhiteElo "1262"]
[BlackElo "1058"]
[Opening "Caro-Kann: Panov-Botvinnik attack"]
[ECO "B13"]
[NIC "CK.03"]
[Time "16:17:39"]
[PlyCount "139"]
[TimeControl "7200+10"]

1. e4 c6 2. d4 d5 3. exd5 cxd5 4. c4 Nf6 5. Nc3 Bf5 6. Nf3 e6 7. Be3 Nc6 8.
cxd5 Nxd5 9. Bd3 Bg6 10. O-O Nf6 11. Rc1 Bh5 12. Be2 Bd6 13. Nd2 Bxe2 14.
Qxe2 a6 15. Nde4 O-O 16. Bg5 Be7 17. Nxf6+ Bxf6 18. Bxf6 Qxf6 19. d5 Nd4
20. Qd3 Rad8 21. dxe6 Nxe6 22. Qe4 Nc5 23. Qc4 Nd3 24. Rc2 b5 25. Qg4 Nxb2
26. Ne4 Qe5 27. Re2 Nd3 28. Ng5 Qf4 29. Qh5 h6 30. Ne4 Qe5 31. Qf3 Nf4 32.
Rc2 Rc8 33. Rd2 Rfd8 34. g3 Ne6 35. Rfd1 Rxd2 36. Rxd2 Ng5 37. Nxg5 Qxg5
38. Rd7 Qc1+ 39. Kg2 Qc6 40. Rxf7 Qxf3+ 41. Rxf3 Rc2 42. Ra3 Rc6 43. Kf3
Kf7 44. Ke4 Kf6 45. Kd5 Re6 46. Re3 Rxe3 47. fxe3 Kf5 48. e4+ Kf6 49. Kd6
a5 50. e5+ Kf5 51. e6 a4 52. e7 b4 53. e8=Q b3 54. Qxa4 b2 55. Qc2+ Kg4 56.
Qxb2 Kh3 57. Qxg7 Kxh2 58. Qxh6+ Kxg3 59. a4 Kg4 60. a5 Kf3 61. Qe6 Kf4 62.
Qe5+ Kf3 63. Kd5 Kg4 64. Qf6 Kg3 65. a6 Kg4 66. a7 Kg3 67. a8=Q Kg4 68.
Qg8+ Kh5 69. Qff7+ Kh4 70. Qfh7# { Black checkmated } 1-0